Workbook
Name AA_HI: #REF!
Name AA_HP: #REF!
Name AC: [1]BDI!$E$8
Name AC: [2]BDI!$D$7
Name AE_HI: [1]E3!$F$37
Name AE_HP: [1]E3!$F$36
Name AF_HI: '[1]E2-D'!$F$38
Name AF_HP: '[1]E2-D'!$F$37
Name AL_HI: #REF!
Name AL_HP: #REF!
Name AN_HI: [1]E6!$F$37
Name AN_HP: [1]E6!$F$36
Name AQ_HI: #REF!
Name AQ_HP: #REF!
Name AS_HI: [1]E4!$F$37
Name AS_HP: [1]E4!$F$36
Name AZ_HI: #REF!
Name AZ_HP: #REF!
Name BDI: [1]BDI!$E$30
Name CATEG_ITENS: '[1]Preços-Itens'!$C$6:$C$19
Name CENÁRIO_DO_ORÇAMENTO: '[1]Menu-1'!$M$13
Name CIDADE: '[1]Menu-1'!$F$5
Name CLIENTE: '[1]PV-Parametros'!$A$6
Name COFINS: '[1]D.R.E'!$E$17
Name COMB_DIESEL: '[1]Preços-Itens'!$D$100
Name COMB_GASOLINA: '[1]Preços-Itens'!$D$101
Name CREDITO_CONFINS: '[1]ORÇ-Síntese por Classificação'!$I$179
Name CREDITO_PIS: '[1]ORÇ-Síntese por Classificação'!$H$179
Name CSSL: '[1]D.R.E'!$E$26
Name CUC_CB12M³: #REF!
Name CUC_CBAU24M³: [1]BA!$F$38
Name CUC_CC15M³: '[1]E2-D'!$F$39
Name CUC_CCM14M³: [1]AC!$F$38
Name CUC_CMK10M³: [1]AK!$F$38
Name CUC_MT150CC: #REF!
Name CUC_MTG54CC: [1]E6!$F$38
Name CUC_ÔNIBUS: [1]AJ!$F$38
Name CUC_PC924H: #REF!
Name CUC_POLIG_ART: [1]AT!$G$42
Name CUC_RCG1.1Kw: [1]E3!$F$38
Name CUC_RET_CAT416E: [1]AM!$F$38
Name CUC_TCMLSP: [1]AU!$G$42
Name CUC_TED6: #REF!
Name CUC_TP_BC1200XL: [1]AR!$F$38
Name CUC_VP_61CV: [1]E4!$F$38
Name CUC_VUTF: [1]BB!$F$38
Name CUSTO_ENTREGAS: '[1]CT-A'!$G$4:$G$34
Name CUSTO_TOTAL_DIRETO: '[1]D.R.E'!$E$35
Name CUSTOS_FIXOS: '[1]D.R.E'!$F$23
Name CUSTOS_VARIAVEIS: '[1]ORÇ-Síntese por Classificação'!$G$179
Name D1_DESC_SERVIÇO: #REF!
Name D1_QUANT: #REF!
Name D1_TT_CT: #REF!
Name D1_UND: #REF!
Name D1_VL_UNIT: #REF!
Name D2_QUANT: [1]D2!$D$74
Name D2_VL_UNIT: [1]D2!$D$75
Name D3_QUANT: [1]D3!$D$75
Name D3_VL_UNIT: [1]D3!$D$76
Name D4_DESC_SERVIÇO: #REF!

Sheet PLANILHA PRINCIPAL
A2: PREFEITURA MUNICIPAL DE CACHOEIRINHA/PE
A4: OBJETO : Contratação de empresa de locação maquina para aração de terra.
A6: ITEM | B6: DESCRIÇÃO | C6: QTD. DE VEIC. | D6: UNID. | E6: QTD MENSAL NO PERÍODO | F6: VALOR DA HORA | G6: VALOR UNIT MENSAL | H6: VALOR TOTAL NO PERÍODO
A7: 1 | B7: Trator de pneu com potência minima de 130 cv, tração 4x4, equipado com . Operador e combustivel por conta da contratada. Equipado com todos os equipamentos com grade de aração de controle remoto de 28 discos com 20” x 3,5,DIÂMETRO DO EIXO 1.1/4” (31,75mm), RODA (16”x 5,5”);e documentos exigidos pelo CTB (código de trânsito brasileiro) Com idade de até 10 anos de fabricação. | C7: 10 | D7: HORA | E7: =10*220 -> 2200 | F7: =ROUND('ITEM 01.'!$D$152/220,2) -> 247.46 | G7: =F7*220 -> 54441.2 | H7: =E7*F7 -> 544412 | I7: +
A8: 5 | B8: Grade niveladora de controle remoto de 28 discos com 20” x 3,5,DIÂMETRO DO EIXO 1.1/4” (31,75mm), RODA (16”x 5,5”); POTÊNCIA INDICADA 85 cv; cor cinza; ano não inferior a 2025 | C8: 0 | D8: MENSAL | E8: 22 | F8: ='ITEM 06'!D150/E8 -> 60.597526 | G8: =F8*E8 -> 1333.1456 | H8: =ROUND(G8*C8,2) -> 0
A9: 6 | B9: Veículo tipo "Caminhão leve utilitário 3/4" equipado com cesto aereo, COM motorista e SEM combustivel. CARACTERISTICAS MÍNIMAS: Com motor diesel, potência maxima de 148 cv, PBT 4 toneladas , equipado com carroceria para transporte de merenda para as escolas, EM PERFEITO ESTADO DE CONSERVAÇÃO. ANO DO VEÍCULO NÃO INFERIOR A 2015. Disponibilização do Veículo: Tempo Integral. Equipado com todos os componentes de segurança exigidos pelo CONTRAN. | C9: 0 | D9: MENSAL | E9: 22 | F9: ='ITEM 07.'!D140/E9 -> 917.3629 | G9: =F9*E9 -> 20181.984 | H9: =ROUND(G9*C9,2) -> 0
A10: 8 | B10: Carreta basculante hidráulico. Capacidade de carga 5 Ton 5,13m³; Dimensões da carroceria externa (CxLxA) 3,26 x 1,85 x 1,00; Dimensões totais << Carreta c/ pneus 700 x 16" e cabeçalho 4,60 x 1,85 x 2,35; Quantidade de rodas x aro 4 aro 16" 6 furos; Altura da carreta basculada 3,45m; Distância entre eixos 950mm mod. Tandem; Chassi Perfil "U" chapa 1/4; Freio Opcional; Engate Rígido; Ângulo inclinado basculante 45°; ano não inferior a 2025. | C10: 0 | D10: MENSAL | E10: 22 | F10: ='ITEM 08.'!D150/E10 -> 80.232002 | G10: =F10*E10 -> 1765.1041 | H10: =ROUND(G10*C10,2) -> 0
A12: TOTAL GLOBAL | H12: =H7 -> 544412
A14: LOTE II
A15: ITEM | B15: DESCRIÇÃO | C15: QTD. DE VEIC. | D15: UNID. | E15: QTD MENSAL | F15: VALOR DIARIA | G15: VALOR UNIT MENSAL | H15: VALOR TOTAL MENSAL
A16: 1 | B16: Veículo tipo "caminhonete 4X4", COM motorista e SEM combustivel. CARACTERISTICAS MÍNIMAS: Veículo tipo utilitário, fabricação nacional ou importado, com ano de fabricação/modelo mínimo 2025, motor dianteiro de 04 (quatro) cilindros em linha, movido à Diesel com turbo compressor; Potência mínima de 170 CV, com no mínimo 1.956 cilindradas cm³; Câmbio automático de no mínimo 5 velocidades à frente e uma à ré; Tração 4x4; Com freios a discos nas 04 (quatro) rodas; 04 portas laterais; Capacidade mínima para 04 pessoas mais o motorista; Com direção hidráulica ou elétrica, ar condicionado, vidros elétricos em todas as portas laterais, pintura sólida ou metálica. SEM MARCAS DE USO. Disponibilização do Veículo: Tempo Integral. Equipado com todos os componentes de segurança exigidos pelo CONTRAN. | C16: 0 | D16: DIARIA | E16: 22 | F16: ='ITEM 01.'!D152/E16 -> 2474.5554 | G16: =F16*E16 -> 54440.218 | H16: =ROUND(G16*C16,2) -> 0
A18: TOTAL GERAL LOTE II | H18: =H16 -> 0
A20: VALOR GLOBAL LOTE I + II | H20: =H18+H12 -> 544412

Sheet DADOS DE ENTRADA
A1: MATRIZ DE PREÇOS E INSUMOS
A3: Salários | D3: Equipamentos | G3: Índices de consumo estimados
A4: Veículos Pesados (Acima de 18.000 Kg) | B4: 3228.27
A5: Veículos Pesados (Entre 14.001Kg e 18.000 Kg) | B5: 2663.03 | D5: Motocicleta 160cc | E5: 13540 | G5: Motocicleta 150cc - km/l
A6: Veículos Médios | B6: 2495.88 | D6: Motocicleta 160cc Alta | E6: 17167 | G6: Motocicleta 160cc - km/l
A7: Veículos Semi-Leves | B7: 1910.5 | D7: Veículo Passeio 1.0 | E7: 71448 | G7: Veículo Passeio 1.0 - km/l
A8: Veículos Leves | B8: 1840.39 | D8: Veículo Passeio 1.4 | E8: 72149 | G8: Veículo Passeio 1.4 - km/l
A9: Tratorista e Operadores de Maquinas Agrícolas. | B9: 2495.88 | D9: Chassi Ambulancia Tipo A | E9: 68083 | G9: Chassi Ambulancia Tipo A - km/l
D10: Pick-Up Compacta 1.4 | E10: 66100 | G10: Pick-Up Compacta 1.4 - km/l
A11: Benefícios | D11: Pick-Up 4x2 | G11: Pick-Up 4x2 - km/l
A12: Leis sociais | B12: 0.7 | D12: Pick-Up 4x4 | E12: 319900 | G12: Pick-Up 4x4 - km/l
A13: Taxas - BDI | D13: Suv Compacta | E13: 84119 | G13: Suv Compacta - Km/l
A14: Taxa de juros anual | B14: 0.1325 | D14: SUV 4x4 | E14: 248040 | G14: SUV 4x4 - Km/l
A15: PIS | B15: 0.0065 | D15: Caminhão 3/4 | E15: 152544 | G15: Caminhão 3/4 - km/l
A16: COFINS | B16: 0.03 | D16: Caminhão toco | E16: 311269 | G16: Caminhão toco - km/l
A17: ISS | B17: 0.05 | D17: Caminhão trucado | E17: 249931 | G17: Caminhão trucado - km/l
A18: Taxa de administração | B18: 0.0449 | D18: Micro Onibus | E18: 290000 | G18: Micro Onibus - km/l
A19: Risco | B19: 0.0089 | D19: Onibus | E19: 400000 | G19: Ônibus - km/l
A20: Seguro e garantia | B20: 0.0082 | D20: Veículo tipo Van | E20: 158971 | G20: Veículo tipo Van - km/l
A21: Despesas financeiras | B21: 0.0111 | D21: Trator | E21: 165000 | G21: Trator - l/h
A22: Lucro | B22: 0.0622 | D22: Retroescavadeira | E22: 299500 | G22: Retroescavadeira - l/h
A23: Taxas - veículos | D23: Trator de Esteiras | G23: Trator de Esteiras - l/h
A24: Seguro total | B24: 0.05 | D24: Motoniveladora | E24: 635000 | G24: Motoniveladora - l/h
D25: Rolo Compactador | G25: Rolo Compactador - l/h
A26: IPVA - automóveis | B26: 0.024 | D26: Escavadeira | G26: Escavadeira - l/h
A27: IPVA - motos | B27: 0.024 | G27: Caminhão caçamba 6m³ - km/l
A28: IPVA - caminhões | B28: 0.01 | G28: Caminhão caçamba 12m³ - km/l
A29: Licenciamento veículos | B29: 151.89 | G29: Caminhão compactador 15m³ - km/l
A30: Prevenção de incêndio (bombeiros) | B30: 22.78 | G30: Caminhão carroceria 7,5m³ - km/l
A31: Implementos | D31: Pneumáticos | G31: Combustível
A32: Implemento Carroceria | B32: 6500 | D32: Pneu caminhão/ônibus | E32: 2288.25 | G32: Gasolina - R$/l | H32: 6.49
A33: Implemento Carroceria com cabine | B33: 19900 | D33: Pneu retro/motoniveladora/trator s/camara | E33: 3243.87 | G33: Óleo Diesel S10 - R$/l | H33: 6.29
A34: Implemento Baú | B34: 20000 | D34: Pneu carro leve | E34: 429.9 | G34: Óleos e lubrificantes - Veículos Leves
A35: Implemento Baú | B35: 30000 | D35: Pneu Caminhonete | E35: 773.21 | G35: Óleo de motor - R$/l | H35: 27.56
A36: Implemento gaiola boiadeira | B36: 38000 | D36: Pneu motocicleta | E36: 197.05 | G36: Óleo hidráulico - R$/l | H36: 32.19
A37: Tanque Pipa 9000 L | B37: 20000 | G37: Óleo de Transmissão - R$/l | H37: 21.9
A38: Implemento munck | B38: 85000 | G38: Graxa para lubrificação - R$/kg | H38: 19.49
A39: Implemento Prancha | B39: 75000 | G39: Óleos e lubrificantes - Veículos Pesados
A40: Implemento | B40: 13000 | G40: Óleo de motor - R$/l | H40: 29.45
A41: Implemento Basculante 12m | B41: 40000 | G41: Óleo hidráulico - R$/l | H41: 21.29
A42: Implemento Basculante 6m³ | B42: 28000 | G42: Óleo de Transmissão - R$/l | H42: 11.99
A43: Limpa Fossa | B43: 45000 | G43: Graxa para lubrificação - R$/kg | H43: 19.49
A44: Implemento escada 14mts | B44: 3500

Sheet ITEM 02
A1: ='PLANILHA PRINCIPAL'!#REF! -> #REF!
A3: BASE DE CALCULO VEICULO: Volkswagen Polo 1.0 Flex 12V 5p 2022 Gasolina
A6: AN0:2022
A7: Salário | B7: Quantidade | C7: Custo Unitário | D7: Custo Total
A8: Motorista | B8: 0 | C8: ='DADOS DE ENTRADA'!B8 -> 1840.39 | D8: =+C8*B8 -> 0
D9: =D8 -> 0 | E9: (R$)
A11: Leis Sociais ( % ) | B11: Quantidade | C11: Custo Unitário | D11: Custo Total
A12: Encargos Sociais | B12: ='DADOS DE ENTRADA'!B12 -> 0.7 | C12: =D8*B12 -> 0 | D12: =C12+D9 -> 0
C13: Sub-total | D13: =ROUND(SUM(D12),2) -> 0 | E13: (R$)
B16: TOTAL MENSAL | D16: =D13 -> 0 | E16: (R$)
B17: (mão de obra direta)
A19: a) Depreciação:
A21: Serão considerarados valores residuais de 20% | D21: 0.2
B23: N° de Veículos | D23: 1 | E23: (ud)
B24: Valor do Veiculo | D24: ='DADOS DE ENTRADA'!E7 -> 71448 | E24: (R$)
B25: Valor do implemento | D25: 0
B26: Vida Útil do Equipamento | D26: 5 | E26: (anos)
B27: Valor residual | D27: =(D24+D25)*D21 -> 14289.6 | E27: (R$)
B28: Horas trabalhadas por ano | D28: 2504.64 | E28: (h/a)
B29: Valor depreciado em horas | D29: =(D24-D27)/(D26*D28) -> 4.5642008 | E29: (R$)
B30: Valor depreciado | D30: =D29*D28 -> 11431.68 | E30: (R$)
B31: Depreciação Mensal | D31: =D30/12 -> 952.64 | E31: (R$/mês)
B32: Para todas as Pick-Up | D32: =D23*D31 -> 952.64 | E32: (R$/mês)
A35: b) Remuneração do Capital Investido
A37: O cálculo do coeficiente de remuneração 'C' é dado por:
B38: C = [(2 + (n - 1) * (k + 1)) / (24 n)] * j, onde:
B40: k = % residual | C40: 0.2
B41: n = vida útil (anos) | C41: 5
B42: j = juros (ao ano) | C42: ='DADOS DE ENTRADA'!B14 -> 0.1325
B43: C = | C43: =((2+(C41-1)*(C40+1))/(24*C41)*C42) -> 0.0075083333
B45: N° de Veículos | D45: 1 | E45: (ud)
B46: Valor do caminhão | D46: =D24+D25 -> 71448 | E46: (R$)
B47: Coeficiente de remuneração | D47: =C43 -> 0.0075083333
B48: Custo de capital | D48: =D46*D47 -> 536.4554 | E48: (R$)
B49: Para todos os caminhões | D49: =D48*D45 -> 536.4554
A51: c) Licenciamentos e Seguros
C52: Taxa de licenciamento | D52: ='DADOS DE ENTRADA'!B29 -> 151.89 | E52: (R$)
C53: Taxa de bombeiros | D53: ='DADOS DE ENTRADA'!B30 -> 22.78 | E53: (R$)
B55: N° de Veículos | D55: 1 | E55: (ud)
B56: Valor do chassi | D56: =D46 -> 71448 | E56: (R$)
B57: Seguro total | C57: ='DADOS DE ENTRADA'!B24 -> 0.05 | D57: =D56*C57 -> 3572.4 | E57: (R$/ano)
B58: IPVA | C58: ='DADOS DE ENTRADA'!B26 -> 0.024 | D58: =D56*C58 -> 1714.752 | E58: (R$/ano)
B59: Custo unitário | D59: =D57+D58+D52+D53 -> 5461.822 | E59: (R$/ano)
C61: Custo Mensal - item c | D61: =ROUND((D59)/12,2) -> 455.15 | E61: (/mês)
A63: d) Manutenção
B65: N° de Veículos | D65: 1 | E65: (ud)
B66: Valor do caminhão | D66: =D56 -> 71448 | E66: (R$)
B67: Vida Útil do Equipamento | D67: =D26 -> 5 | E67: (anos)
B68: Coeficiente de Manutenção | D68: 0.15
B69: Percurso Mensal Estimado | D69: 2500 | E69: (km/mês)
B70: Custo unitário | D70: =(D66*D68)/(D69) -> 4.28688 | E70: (R$)
B71: Custo Mensal | D71: =D70*D69/12 -> 893.1 | E71: (R$)
A75: f) Combustível
B77: N° de Veículos | D77: 1
B78: Preço do Combustivel | D78: ='DADOS DE ENTRADA'!H32 -> 6.49 | E78: (R$/l)
B79: Percurso Médio Mensal | D79: =D69 -> 2500 | E79: (Km)
B80: Consumo médio Óleo Diesel | D80: 9.5 | E80: (Km/l)
B81: Custo unitário | D81: =(D79/D80)*D78 -> 1707.8947 | E81: (R$)
C83: Custo Mensal - item f | D83: =D81 -> 1707.8947
A85: g) Pneu
B86: N° de Veículos | D86: 1
B87: Preço de um rodízio de pneus (4 pneus completos) | D87: ='DADOS DE ENTRADA'!E34*4 -> 1719.6 | E87: (R$)
B88: Percurso Mensal Estimado | D88: =D69 -> 2500 | E88: (Km)
B89: Quilometros Rodados Com um Rodízio | D89: 40000 | E89: (Kml)
B90: Quilometros Rodados por mês | D90: =D87/D89 -> 0.04299 | E90: (R$)
C92: Custo Mensal - item g | D92: =D90*D88 -> 107.475
A94: h) Lubrificação e Lavagem
A95: Adotou-se que o custo com lavagem equivale a 10% dos custos com manutenção | D95: 0.1
B97: N° de Veículos | D97: 1
B98: Custo unitário | D98: =D95*D71 -> 89.31
B100: Quantidade de Óleo Motor | D100: 3.5 | E100: (l)
B101: Quantidade de Óleo Hidraúlico | D101: 2 | E101: (l)
B102: Quantidade de Óleo Transmissão | D102: 2.5 | E102: (l)
B103: Quantidade de Graxa Lubrificante | D103: 3.3333 | E103: (Kg)
B104: Quilometragem de Lubrificante | D104: 10000 | E104: (Km)
B105: Consumo Óleo Motor | D105: =+D100/D104 -> 0.00035 | E105: (l/Km)
B106: Consumo Óleo Hidraúlico | D106: =+D101/D104 -> 0.0002 | E106: (l/Km)
B107: Consumo Óleo Transmissão | D107: =+D102/D104 -> 0.00025 | E107: (l/Km)
B108: Consumo Graxa Lubrificante | D108: =+D103/D104 -> 0.00033333 | E108: (kg/Km)
B109: Preço Unit. Óleo Motor | D109: ='DADOS DE ENTRADA'!H35 -> 27.56 | E109: (R$/l)
B110: Preço Unit. Óleo Hidráulico | D110: ='DADOS DE ENTRADA'!H36 -> 32.19 | E110: (R$/l)
B111: Preço Unit. Óleo de Transmissão | D111: ='DADOS DE ENTRADA'!H37 -> 21.9 | E111: (R$/l)
B112: Preço Unit. Graxa Lubrificante | D112: ='DADOS DE ENTRADA'!H38 -> 19.49 | E112: (R$/kg)
B113: Custo Unitário por Km | D113: =+(D105*D109)+(D106*D110)+(D107*D111)+(D108*D112) -> 0.028055602 | E113: (R$/Km)
B114: Percurso Mensal | D114: =D88 -> 2500 | E114: (Km)
B115: Custo Mensal Lubrificante | D115: =ROUND(+D113*D114,2) -> 70.14 | E115: (R$)
B116: Filtros % sobre Custo do Lubrificante | D116: 15 | E116: (%)
B117: Custo Mensal Filtros | D117: =ROUND(+D115*D116/100,2) -> 10.52 | E117: (R$)
B118: Custo Mensal Lubrificante + Filtros | D118: =D115+D117 -> 80.66
B119: Custo para todos os caminhões | D119: =D118*D97 -> 80.66
C121: Custo Mensal - item h | D121: =D98+D119 -> 169.97 | E121: (R$)
B123: TOTAL CUSTO VARIÁVEL
C124: Custo Mensal (f+g+h) | D124: =D83+D121+D92 -> 1985.3397 | E124: (R$)
A129: FÓRMULA DO BDI/LDI CONFORME ACÓRDÃO DO TCU
B137: TRIBUTOS: | C137: PIS | D137: ='DADOS DE ENTRADA'!B15 -> 0.0065
C138: COFINS | D138: ='DADOS DE ENTRADA'!B16 -> 0.03
C139: ISSQN | D139: 0
B140: Taxa de tributos (PIS + COFINS + ISS) - I | D140: =D137+D138+D139 -> 0.0365
B141: Taxa de rateio da administração Central - AC | D141: ='DADOS DE ENTRADA'!B18 -> 0.0449
B142: Taxa de risco do empreendimento - R | D142: ='DADOS DE ENTRADA'!B19 -> 0.0089
...

Sheet ITEM 04
A1: ='PLANILHA PRINCIPAL'!B16 -> Veículo tipo "caminhonete 4X4", COM motorista e SEM combustivel. CARACTERISTICAS MÍNIMAS: Veículo tipo utilitário, fabricação nacional ou importado, com ano de fabricação/modelo mínimo 2025, motor dianteiro de 04 (quatro) cilindros em linha, movido à Diesel com turbo compressor; Potência mínima de 170 CV, com no mínimo 1.956 cilindradas cm³; Câmbio automático de no mínimo 5 velocidades à frente e uma à ré; Tração 4x4; Com freios a discos nas 04 (quatro) rodas; 04 portas laterais; Capacidade mínima para 04 pessoas mais o motorista; Com direção hidráulica ou elétrica, ar condicionado, vidros elétricos em todas as portas laterais, pintura sólida ou metálica. SEM MARCAS DE USO. Disponibilização do Veículo: Tempo Integral. Equipado com todos os componentes de segurança exigidos pelo CONTRAN.
A2: BASE DE CALCULO VEICULO: Hyundai HR 2.5 TCI Diesel (RS_RD) 2022 Diesel
A5: AN0:2022
A7: Salário | B7: Quantidade | C7: Custo Unitário | D7: Custo Total
A8: Motorista | B8: 0 | C8: ='DADOS DE ENTRADA'!B8 -> 1840.39 | D8: =+C8*B8 -> 0
D9: =D8 -> 0 | E9: (R$)
A11: Leis Sociais ( % ) | B11: Quantidade | C11: Custo Unitário | D11: Custo Total
A12: Encargos Sociais(SINAPI) | B12: 0.7 | C12: =D8*B12 -> 0 | D12: =C12 -> 0
D13: =ROUND(SUM(D12),2) -> 0 | E13: (R$)
B16: TOTAL MENSAL | D16: =D13+D9 -> 0 | E16: (R$)
B17: (mão de obra direta)
A19: a) Depreciação:
A21: Serão considerarados valores residuais de 20% | D21: 0.2
B23: N° de Veiculos | D23: 1 | E23: (ud)
B24: Valor do Veiculo | D24: ='DADOS DE ENTRADA'!E15 -> 152544 | E24: (R$)
B25: Vida Útil do Equipamento | D25: 5 | E25: (anos)
B26: Valor residual | D26: =D21*D24 -> 30508.8 | E26: (R$)
B27: Horas trabalhadas por ano | D27: 2504.64 | E27: (h/a)
B28: Valor depreciado em horas | D28: =(D24-D26)/(D25*D27) -> 9.7447298 | E28: (R$)
B29: Valor depreciado | D29: =D28*D27 -> 24407.04 | E29: (R$)
B30: Depreciação Mensal | D30: =D29/12 -> 2033.92 | E30: (R$/mês)
B31: Para todos os Veiculos | D31: =D23*D30 -> 2033.92 | E31: (R$/mês)
A34: b) Remuneração do Capital Investido
A36: O cálculo do coeficiente de remuneração 'C' é dado por:
B37: C = [(2 + (n - 1) * (k + 1)) / (24 n)] * j, onde:
B39: k = % residual | C39: =D21 -> 0.2
B40: n = vida útil (anos) | C40: =D25 -> 5
B41: j = juros (ao ano) | C41: ='DADOS DE ENTRADA'!B14 -> 0.1325
B42: C = | C42: =((2+(C40-1)*(C39+1))/(24*C40)*C41) -> 0.0075083333
B44: N° de Veiculos | D44: =D23 -> 1 | E44: (ud)
B45: Valor do Veiculo | D45: =D24 -> 152544 | E45: (R$)
B46: Coeficiente de remuneração | D46: =C42 -> 0.0075083333
B47: Custo de capital | D47: =D45*D46 -> 1145.3512 | E47: (R$)
B48: Para todos os Veiculos | D48: =D47*D44 -> 1145.3512
A50: c) Licenciamentos e Seguros
C51: Taxa de licenciamento | D51: 0 | E51: (R$)
C52: Taxa de bombeiros | D52: 0 | E52: (R$)
B54: N° de Veiculos | D54: =D44 -> 1 | E54: (ud)
B55: Valor do chassi | D55: =D24 -> 152544 | E55: (R$)
B56: Seguro total | C56: ='DADOS DE ENTRADA'!B24 -> 0.05 | D56: =D55*C56 -> 7627.2 | E56: (R$/ano)
B57: IPVA | C57: ='DADOS DE ENTRADA'!B26 -> 0.024 | D57: =D55*C57 -> 3661.056 | E57: (R$/ano)
B58: Custo unitário | D58: =D56+D57+D51+D52 -> 11288.256 | E58: (R$/ano)
C60: Custo Mensal - item c | D60: =ROUND((D58)/12,2) -> 940.69 | E60: (/mês)
A62: d) Manutenção
B64: N° de Veiculos | D64: 1
B65: Valor do Veiculos | D65: =D45 -> 152544 | E65: (R$)
B66: Vida Útil do Equipamento | D66: =D25 -> 5 | E66: (anos)
B67: Coeficiente de Manutenção | D67: 0.15
B68: Percuso Médio Mensal | D68: 2500 | E68: (km)
B69: Custo unitário | D69: =(D65*D67)/(D68) -> 9.15264 | E69: (R$)
B70: Custo Mensal | D70: =D69*D68/12 -> 1906.8 | E70: (R$)
A74: f) Combustível
B76: N° de Veiculos | D76: 1
B77: Preço do Combustivel | D77: ='DADOS DE ENTRADA'!H33 -> 6.29 | E77: (R$/l)
B78: Percuso Médio Mensal | D78: =D68 -> 2500 | E78: (km/mês)
B79: Consumo médio Óleo Diesel | D79: 10.2 | E79: (Km/l)
B80: Custo unitário | D80: =(D78/D79)*D77 -> 1541.6667 | E80: (R$)
C82: Custo Mensal - item f | D82: =D80 -> 1541.6667
A84: g) Pneu
B85: N° de Veiculos | D85: =D76 -> 1
B86: Preço de um rodízio de pneus (4 pneus completos) | D86: =4*779.9 -> 3119.6 | E86: (R$)
B87: Percurso Mensal Estimado | D87: =D68 -> 2500 | E87: (Km)
B88: Quilometros Rodados Com um Rodízio | D88: 40000 | E88: (Kml)
B89: Quilometros Rodados por mês | D89: =D86/D88 -> 0.07799 | E89: (R$)
C91: Custo Mensal - item g | D91: =D89*D87 -> 194.975
A93: h) Lubrificação e Lavagem
A94: Adotou-se que o custo com lavagem equivale a 10% dos custos com manutenção | D94: 0.1
B96: N° de Onibus | D96: 1
B97: Custo unitário | D97: =D94*D70 -> 190.68
B99: Quantidade de Óleo Motor | D99: 5.5 | E99: (l)
B100: Quantidade de Óleo Hidraúlico | D100: 2 | E100: (l)
B101: Quantidade de Óleo Transmissão | D101: 2.5 | E101: (l)
B102: Quantidade de Graxa Lubrificante | D102: 3.33 | E102: (Kg)
B103: Quilometragem de Lubrificante | D103: 10000 | E103: (Km)
B104: Consumo Óleo Motor | D104: =+D99/D103 -> 0.00055 | E104: (l/Km)
B105: Consumo Óleo Hidraúlico | D105: =+D100/D103 -> 0.0002 | E105: (l/Km)
B106: Consumo Óleo Transmissão | D106: =+D101/D103 -> 0.00025 | E106: (l/Km)
B107: Consumo Graxa Lubrificante | D107: =+D102/D103 -> 0.000333 | E107: (kg/Km)
B108: Preço Unit. Óleo Motor | D108: ='DADOS DE ENTRADA'!H40 -> 29.45 | E108: (R$/l)
B109: Preço Unit. Óleo Hidráulico | D109: ='DADOS DE ENTRADA'!H41 -> 21.29 | E109: (R$/l)
B110: Preço Unit. Óleo de Transmissão | D110: ='DADOS DE ENTRADA'!H42 -> 11.99 | E110: (R$/l)
B111: Preço Unit. Graxa Lubrificante | D111: ='DADOS DE ENTRADA'!H43 -> 19.49 | E111: (R$/kg)
B112: Custo Unitário por Km | D112: =+(D104*D108)+(D105*D109)+(D106*D110)+(D107*D111) -> 0.02994317 | E112: (R$/Km)
B113: Percurso Mensal | D113: =D87 -> 2500 | E113: (Km)
B114: Custo Mensal Lubrificante | D114: =ROUND(+D112*D113,2) -> 74.86 | E114: (R$)
B115: Filtros % sobre Custo do Lubrificante | D115: 15 | E115: (%)
B116: Custo Mensal Filtros | D116: =ROUND(+D114*D115/100,2) -> 11.23 | E116: (R$)
B117: Custo Mensal Lubrificante + Filtros | D117: =D114+D116 -> 86.09
B118: Custo para todos os Veiculos | D118: =D117*D96 -> 86.09
C120: Custo Mensal - item h | D120: =D97+D118 -> 276.77 | E120: (R$)
B122: TOTAL CUSTO VARIÁVEL
C123: Custo Mensal (f+g+h) | D123: =D82+D120+D91 -> 2013.4117 | E123: (R$)
A128: FÓRMULA DO BDI/LDI CONFORME ACÓRDÃO DO TCU
B136: TRIBUTOS: | C136: PIS | D136: 0.0065
C137: COFINS | D137: 0.03
C138: ISS | D138: 0
B139: Taxa de tributos (PIS + COFINS + ISS) - I | D139: =D136+D137+D138 -> 0.0365
B140: Taxa de rateio da administração Central - AC | D140: 0.0449
B141: Taxa de risco do empreendimento - R | D141: 0.0089
B142: Taxa de seguro e garantia do empreendimento - S e G | D142: 0.0082
...

Sheet ITEM 01.
A1: ='PLANILHA PRINCIPAL'!B7 -> Trator de pneu com potência minima de 130 cv, tração 4x4, equipado com . Operador e combustivel por conta da contratada. Equipado com todos os equipamentos com grade de aração de controle remoto de 28 discos com 20” x 3,5,DIÂMETRO DO EIXO 1.1/4” (31,75mm), RODA (16”x 5,5”);e documentos exigidos pelo CTB (código de trânsito brasileiro) Com idade de até 10 anos de fabricação.
A2: BASE DE CALCULO VEICULO: Trator Massey Ferguson Mf 4299 4x4
A5: AN0:2016
A7: Salário | B7: Quantidade | C7: Custo Unitário | D7: Custo Total
A8: Motorista | B8: 1 | C8: 3421.97 | D8: =+C8*B8 -> 3421.97
D9: =D8 -> 3421.97 | E9: (R$)
A11: Leis Sociais ( % ) | B11: Quantidade | C11: Custo Unitário | D11: Custo Total
A12: Encargos Sociais(SINAPI) | B12: 0.7011 | C12: =D8*B12 -> 2399.1432 | D12: =C12+D9 -> 5821.1132
C13: Sub-total | D13: =ROUND(SUM(D12),2) -> 5821.11 | E13: (R$)
B16: TOTAL MENSAL | D16: =D13 -> 5821.11 | E16: (R$)
B17: (mão de obra direta)
A19: a) Depreciação:
A21: Serão considerarados valores residuais de 20% | D21: 0.1
B23: N° de Veiculos | D23: 1 | E23: (ud)
B24: Valor Médio do Veiculo chassi | D24: 245000 | E24: (R$)
B25: Valor do implemento | D25: 17000
B26: Valor do veiculo com implemento | D26: =D25+D24 -> 262000
B27: Vida Útil do Equipamento | D27: 5 | E27: (anos)
B28: Valor residual | D28: =D21*(D26) -> 26200 | E28: (R$)
B29: Horas trabalhadas por ano | D29: =220*12 -> 2640 | E29: (h/a)
B30: Valor depreciado em horas | D30: =(D24-D28)/(D27*D29) -> 16.575758 | E30: (R$)
B31: Valor depreciado | D31: =D30*D29 -> 43760 | E31: (R$)
B32: Depreciação Mensal | D32: =D31/12 -> 3646.6667 | E32: (R$/mês)
B33: Para todas os veiculos | D33: =D23*D32 -> 3646.6667 | E33: (R$/mês)
A36: b) Remuneração do Capital Investido
A38: O cálculo do coeficiente de remuneração 'C' é dado por:
B39: C = [(2 + (n - 1) * (k + 1)) / (24 n)] * j, onde:
B41: k = % residual | C41: 0.2
B42: n = vida útil (anos) | C42: 5
B43: j = juros (ao ano) | C43: 0.15
B44: C = | C44: =((2+(C42-1)*(C41+1))/(24*C42)*C43) -> 0.0085
B46: N° de veículo | D46: 1 | E46: (ud)
B47: Valor do veículo | D47: =D26 -> 262000 | E47: (R$)
B48: Coeficiente de remuneração | D48: =C44 -> 0.0085
B49: Custo de capital | D49: =D47*D48 -> 2227 | E49: (R$)
B50: Para todas os veiculos | D50: =D49*D46 -> 2227
A52: c) Licenciamentos e Seguros
C53: Taxa de licenciamento | D53: 0 | E53: (R$)
C54: Taxa de bombeiros | D54: 0 | E54: (R$)
B56: N° de Veiculos | D56: 1 | E56: (ud)
B57: Valor do chassi | D57: =D24 -> 245000 | E57: (R$)
B58: Seguro total | C58: ='DADOS DE ENTRADA'!B24 -> 0.05 | D58: =D57*C58 -> 12250 | E58: (R$/ano)
B59: IPVA | C59: 0.01 | D59: 0 | E59: (R$/ano)
B60: Custo unitário | D60: =D58+D59+D53+D54 -> 12250 | E60: (R$/ano)
C62: Custo Mensal - item c | D62: =ROUND((D60)/12,2) -> 1020.83 | E62: (/mês)
A64: d) Manutenção
B66: N° de Veiculos | D66: 1 | E66: (ud)
B67: Valor do veiculo | D67: =D47 -> 262000 | E67: (R$)
B68: Vida Útil do Equipamento | D68: =D27 -> 5 | E68: (anos)
B69: Coeficiente de Manutenção | D69: 0.15
B70: Percurso Médio Mensal | D70: =D29 -> 2640 | E70: (h/a)
B71: Custo unitário | D71: =(D67*D69)/(D70) -> 14.886364 | E71: (R$)
B72: Custo Mensal | D72: =D71*D70/12 -> 3275 | E72: (R$)
A76: f) Combustível
B78: N° de Veiculos | D78: 1
B79: Preço do Combustivel | D79: 5.72 | E79: (R$/l)
B80: Percurso Médio Mensal | D80: 220 | E80: (h)
B81: Consumo médio Óleo Diesel | D81: 10 | E81: (h/l)
B82: Custo unitário | D82: =D81*D80*D79 -> 12584 | E82: (R$)
C84: Custo Mensal - item f | D84: =D82 -> 12584
A86: g) Pneu
B87: N° de Veiculos | D87: 1
B88: Preço de um rodízio de pneus (4 pneus completos) | D88: =2734.94*4 -> 10939.76 | E88: (R$)
B89: Percurso Mensal Estimado | D89: =D80 -> 220 | E89: (h)
B90: Horas trabalhadas para Rodados Com um Rodízio | D90: 5000 | E90: (h)
B91: Horas trabalhadas para Rodados por mês | D91: =D88/D90 -> 2.187952 | E91: (R$)
C93: Custo Mensal - item g | D93: =D91*D89 -> 481.34944
A95: h) Lubrificação e Lavagem
A96: Adotou-se que o custo com lavagem equivale a 10% dos custos com manutenção | D96: 0.1
B98: N° de Veiculos | D98: 1
B99: Custo unitário | D99: =D96*D72 -> 327.5
B101: Quantidade de Óleo Motor | D101: 25 | E101: (l)
B102: Quantidade de Óleo Hidraúlico | D102: 24.5 | E102: (l)
B103: Quantidade de Óleo Transmissão | D103: 47 | E103: (l)
B104: Quantidade de Graxa Lubrificante | D104: 3.3333 | E104: (Kg)
B105: Quilometragem de Lubrificante | D105: 500 | E105: (h)
B106: Consumo Óleo Motor | D106: =+D101/D105 -> 0.05 | E106: (l/Km)
B107: Consumo Óleo Hidraúlico | D107: =+D102/D105 -> 0.049 | E107: (l/Km)
B108: Consumo Óleo Transmissão | D108: =+D103/D105 -> 0.094 | E108: (l/Km)
B109: Consumo Graxa Lubrificante | D109: =+D104/D105 -> 0.0066666 | E109: (kg/Km)
B110: Preço Unit. Óleo Motor | D110: 36.81 | E110: (R$/l)
B111: Preço Unit. Óleo Hidráulico | D111: 29.99 | E111: (R$/l)
B112: Preço Unit. Óleo de Transmissão | D112: 30.64 | E112: (R$/l)
B113: Preço Unit. Graxa Lubrificante | D113: 40.4 | E113: (R$/kg)
B114: Custo Unitário por Km | D114: =+(D106*D110)+(D107*D111)+(D108*D112)+(D109*D113) -> 6.4595006 | E114: (R$/Km)
B115: Percurso Mensal | D115: =D89 -> 220 | E115: (Km)
B116: Custo Mensal Lubrificante | D116: =ROUND(+D114*D115,2) -> 1421.09 | E116: (R$)
B117: Filtros % sobre Custo do Lubrificante | D117: 15 | E117: (%)
B118: Custo Mensal Filtros | D118: =ROUND(+D116*D117/100,2) -> 213.16 | E118: (R$)
B119: Custo Mensal Lubrificante + Filtros | D119: =D116+D118 -> 1634.25
B120: Para todas os veiculos | D120: =D119*D98 -> 1634.25
C122: Custo Mensal - item h | D122: =D99+D120 -> 1961.75 | E122: (R$)
B124: TOTAL CUSTO VARIÁVEL
C125: Custo Mensal (f+g+h) | D125: =D84+D122+D93 -> 15027.099 | E125: (R$)
A130: FÓRMULA DO BDI/LDI CONFORME ACÓRDÃO DO TCU
B138: TRIBUTOS: | C138: PIS | D138: 0.0065
C139: COFINS | D139: 0.03
C140: ISSQN | D140: 0.05
B141: Taxa de tributos (PIS + COFINS + ISS) - I | D141: =D138+D139+D140 -> 0.0865
B142: Taxa de rateio da administração Central - AC | D142: ='DADOS DE ENTRADA'!B18 -> 0.0449
...

Sheet ITEM 05
A1: ='PLANILHA PRINCIPAL'!B7 -> Trator de pneu com potência minima de 130 cv, tração 4x4, equipado com . Operador e combustivel por conta da contratada. Equipado com todos os equipamentos com grade de aração de controle remoto de 28 discos com 20” x 3,5,DIÂMETRO DO EIXO 1.1/4” (31,75mm), RODA (16”x 5,5”);e documentos exigidos pelo CTB (código de trânsito brasileiro) Com idade de até 10 anos de fabricação.
A2: BASE DE CALCULO VEICULO: Hyundai HR 2.5 TCI Diesel (RS_RD) 2022 Diesel
A5: AN0:2022
A7: Salário | B7: Quantidade | C7: Custo Unitário | D7: Custo Total
A8: Motorista | B8: 1 | C8: ='DADOS DE ENTRADA'!B8 -> 1840.39 | D8: =+C8*B8 -> 1840.39
D9: =D8 -> 1840.39 | E9: (R$)
A11: Leis Sociais ( % ) | B11: Quantidade | C11: Custo Unitário | D11: Custo Total
A12: Encargos Sociais(SINAPI) | B12: 0.7 | C12: =D8*B12 -> 1288.273 | D12: =C12 -> 1288.273
D13: =ROUND(SUM(D12),2) -> 1288.27 | E13: (R$)
B16: TOTAL MENSAL | D16: =D13+D9 -> 3128.66 | E16: (R$)
B17: (mão de obra direta)
A19: a) Depreciação:
A21: Serão considerarados valores residuais de 20% | D21: 0.2
B23: N° de Veiculos | D23: 1 | E23: (ud)
B24: Valor do Veiculo | D24: ='DADOS DE ENTRADA'!E15 -> 152544 | E24: (R$)
B25: Vida Útil do Equipamento | D25: 5 | E25: (anos)
B26: Valor residual | D26: =D21*D24 -> 30508.8 | E26: (R$)
B27: Horas trabalhadas por ano | D27: 2504.64 | E27: (h/a)
B28: Valor depreciado em horas | D28: =(D24-D26)/(D25*D27) -> 9.7447298 | E28: (R$)
B29: Valor depreciado | D29: =D28*D27 -> 24407.04 | E29: (R$)
B30: Depreciação Mensal | D30: =D29/12 -> 2033.92 | E30: (R$/mês)
B31: Para todos os Veiculos | D31: =D23*D30 -> 2033.92 | E31: (R$/mês)
A34: b) Remuneração do Capital Investido
A36: O cálculo do coeficiente de remuneração 'C' é dado por:
B37: C = [(2 + (n - 1) * (k + 1)) / (24 n)] * j, onde:
B39: k = % residual | C39: =D21 -> 0.2
B40: n = vida útil (anos) | C40: =D25 -> 5
B41: j = juros (ao ano) | C41: ='DADOS DE ENTRADA'!B14 -> 0.1325
B42: C = | C42: =((2+(C40-1)*(C39+1))/(24*C40)*C41) -> 0.0075083333
B44: N° de Veiculos | D44: =D23 -> 1 | E44: (ud)
B45: Valor do Veiculo | D45: =D24 -> 152544 | E45: (R$)
B46: Coeficiente de remuneração | D46: =C42 -> 0.0075083333
B47: Custo de capital | D47: =D45*D46 -> 1145.3512 | E47: (R$)
B48: Para todos os Veiculos | D48: =D47*D44 -> 1145.3512
A50: c) Licenciamentos e Seguros
C51: Taxa de licenciamento | D51: 0 | E51: (R$)
C52: Taxa de bombeiros | D52: 0 | E52: (R$)
B54: N° de Veiculos | D54: =D44 -> 1 | E54: (ud)
B55: Valor do chassi | D55: =D24 -> 152544 | E55: (R$)
B56: Seguro total | C56: ='DADOS DE ENTRADA'!B24 -> 0.05 | D56: =D55*C56 -> 7627.2 | E56: (R$/ano)
B57: IPVA | C57: ='DADOS DE ENTRADA'!B26 -> 0.024 | D57: =D55*C57 -> 3661.056 | E57: (R$/ano)
B58: Custo unitário | D58: =D56+D57+D51+D52 -> 11288.256 | E58: (R$/ano)
C60: Custo Mensal - item c | D60: =ROUND((D58)/12,2) -> 940.69 | E60: (/mês)
A62: d) Manutenção
B64: N° de Veiculos | D64: 1
B65: Valor do Veiculos | D65: =D45 -> 152544 | E65: (R$)
B66: Vida Útil do Equipamento | D66: =D25 -> 5 | E66: (anos)
B67: Coeficiente de Manutenção | D67: 0.15
B68: Percuso Médio Mensal | D68: 2500 | E68: (km)
B69: Custo unitário | D69: =(D65*D67)/(D68) -> 9.15264 | E69: (R$)
B70: Custo Mensal | D70: =D69*D68/12 -> 1906.8 | E70: (R$)
A74: f) Combustível
B76: N° de Veiculos | D76: 1
B77: Preço do Combustivel | D77: ='DADOS DE ENTRADA'!H33 -> 6.29 | E77: (R$/l)
B78: Percuso Médio Mensal | D78: =D68 -> 2500 | E78: (km/mês)
B79: Consumo médio Óleo Diesel | D79: 8.8 | E79: (Km/l)
B80: Custo unitário | D80: =(D78/D79)*D77 -> 1786.9318 | E80: (R$)
C82: Custo Mensal - item f | D82: =D80 -> 1786.9318
A84: g) Pneu
B85: N° de Veiculos | D85: =D76 -> 1
B86: Preço de um rodízio de pneus (4 pneus completos) | D86: =4*779.9 -> 3119.6 | E86: (R$)
B87: Percurso Mensal Estimado | D87: =D68 -> 2500 | E87: (Km)
B88: Quilometros Rodados Com um Rodízio | D88: 40000 | E88: (Kml)
B89: Quilometros Rodados por mês | D89: =D86/D88 -> 0.07799 | E89: (R$)
C91: Custo Mensal - item g | D91: =D89*D87 -> 194.975
A93: h) Lubrificação e Lavagem
A94: Adotou-se que o custo com lavagem equivale a 10% dos custos com manutenção | D94: 0.1
B96: N° de Onibus | D96: 1
B97: Custo unitário | D97: =D94*D70 -> 190.68
B99: Quantidade de Óleo Motor | D99: 5.5 | E99: (l)
B100: Quantidade de Óleo Hidraúlico | D100: 2 | E100: (l)
B101: Quantidade de Óleo Transmissão | D101: 2.5 | E101: (l)
B102: Quantidade de Graxa Lubrificante | D102: 3.33 | E102: (Kg)
B103: Quilometragem de Lubrificante | D103: 10000 | E103: (Km)
B104: Consumo Óleo Motor | D104: =+D99/D103 -> 0.00055 | E104: (l/Km)
B105: Consumo Óleo Hidraúlico | D105: =+D100/D103 -> 0.0002 | E105: (l/Km)
B106: Consumo Óleo Transmissão | D106: =+D101/D103 -> 0.00025 | E106: (l/Km)
B107: Consumo Graxa Lubrificante | D107: =+D102/D103 -> 0.000333 | E107: (kg/Km)
B108: Preço Unit. Óleo Motor | D108: ='DADOS DE ENTRADA'!H40 -> 29.45 | E108: (R$/l)
B109: Preço Unit. Óleo Hidráulico | D109: ='DADOS DE ENTRADA'!H41 -> 21.29 | E109: (R$/l)
B110: Preço Unit. Óleo de Transmissão | D110: ='DADOS DE ENTRADA'!H42 -> 11.99 | E110: (R$/l)
B111: Preço Unit. Graxa Lubrificante | D111: ='DADOS DE ENTRADA'!H43 -> 19.49 | E111: (R$/kg)
B112: Custo Unitário por Km | D112: =+(D104*D108)+(D105*D109)+(D106*D110)+(D107*D111) -> 0.02994317 | E112: (R$/Km)
B113: Percurso Mensal | D113: =D87 -> 2500 | E113: (Km)
B114: Custo Mensal Lubrificante | D114: =ROUND(+D112*D113,2) -> 74.86 | E114: (R$)
B115: Filtros % sobre Custo do Lubrificante | D115: 15 | E115: (%)
B116: Custo Mensal Filtros | D116: =ROUND(+D114*D115/100,2) -> 11.23 | E116: (R$)
B117: Custo Mensal Lubrificante + Filtros | D117: =D114+D116 -> 86.09
B118: Custo para todos os Veiculos | D118: =D117*D96 -> 86.09
C120: Custo Mensal - item h | D120: =D97+D118 -> 276.77 | E120: (R$)
B122: TOTAL CUSTO VARIÁVEL
C123: Custo Mensal (f+g+h) | D123: =D82+D120+D91 -> 2258.6768 | E123: (R$)
A128: FÓRMULA DO BDI/LDI CONFORME ACÓRDÃO DO TCU
B136: TRIBUTOS: | C136: PIS | D136: 0.0065
C137: COFINS | D137: 0.03
C138: ISS | D138: 0.05
B139: Taxa de tributos (PIS + COFINS + ISS) - I | D139: =D136+D137+D138 -> 0.0865
B140: Taxa de rateio da administração Central - AC | D140: 0.0449
B141: Taxa de risco do empreendimento - R | D141: 0.0089
B142: Taxa de seguro e garantia do empreendimento - S e G | D142: 0.0082
...

Sheet ITEM 06
A1: ='PLANILHA PRINCIPAL'!B8 -> Grade niveladora de controle remoto de 28 discos com 20” x 3,5,DIÂMETRO DO EIXO 1.1/4” (31,75mm), RODA (16”x 5,5”); POTÊNCIA INDICADA 85 cv; cor cinza; ano não inferior a 2025
A2: BASE DE CALCULO VEICULO: Grade Niveladora - Baldan
A5: AN0:2025
A7: Salário | B7: Quantidade | C7: Custo Unitário | D7: Custo Total
A8: Motorista | B8: 0 | C8: ='DADOS DE ENTRADA'!B8 -> 1840.39 | D8: =+C8*B8 -> 0
D9: =D8 -> 0 | E9: (R$)
A11: Leis Sociais ( % ) | B11: Quantidade | C11: Custo Unitário | D11: Custo Total
A12: Encargos Sociais(SINAPI) | B12: 0.7 | C12: =D8*B12 -> 0 | D12: =C12 -> 0
D13: =ROUND(SUM(D12),2) -> 0 | E13: (R$)
B16: TOTAL MENSAL | D16: =D13+D9 -> 0 | E16: (R$)
B17: (mão de obra direta)
A19: a) Depreciação:
A21: Serão considerarados valores residuais de 20% | D21: 0.1
B23: N° de Veiculos | D23: 1 | E23: (ud)
B24: Valor do Veiculo | D24: 30875 | E24: (R$)
B25: Vida Útil do Equipamento | D25: 10 | E25: (anos)
B26: Valor residual | D26: =D21*D24 -> 3087.5 | E26: (R$)
B27: Horas trabalhadas por ano | D27: 2504.64 | E27: (h/a)
B28: Valor depreciado em horas | D28: =(D24-D26)/(D25*D27) -> 1.1094409 | E28: (R$)
B29: Valor depreciado | D29: =D28*D27 -> 2778.75 | E29: (R$)
B30: Depreciação Mensal | D30: =D29/12 -> 231.5625 | E30: (R$/mês)
B31: Para todos os Veiculos | D31: =D23*D30 -> 231.5625 | E31: (R$/mês)
A34: b) Remuneração do Capital Investido
A36: O cálculo do coeficiente de remuneração 'C' é dado por:
B37: C = [(2 + (n - 1) * (k + 1)) / (24 n)] * j, onde:
B39: k = % residual | C39: =D21 -> 0.1
B40: n = vida útil (anos) | C40: =D25 -> 10
B41: j = juros (ao ano) | C41: ='DADOS DE ENTRADA'!B14 -> 0.1325
B42: C = | C42: =((2+(C40-1)*(C39+1))/(24*C40)*C41) -> 0.0065697917
B44: N° de Veiculos | D44: =D23 -> 1 | E44: (ud)
B45: Valor do Veiculo | D45: =D24 -> 30875 | E45: (R$)
B46: Coeficiente de remuneração | D46: =C42 -> 0.0065697917
B47: Custo de capital | D47: =D45*D46 -> 202.84232 | E47: (R$)
B48: Para todos os Veiculos | D48: =D47*D44 -> 202.84232
A50: c) Licenciamentos e Seguros
C51: Taxa de licenciamento | D51: 0 | E51: (R$)
C52: Taxa de bombeiros | D52: 0 | E52: (R$)
B54: N° de Veiculos | D54: =D44 -> 1 | E54: (ud)
B55: Valor do chassi | D55: =D24 -> 30875 | E55: (R$)
B56: Seguro total | C56: 0.035 | D56: =D55*C56 -> 1080.625 | E56: (R$/ano)
B57: IPVA | C57: 0 | D57: =D55*C57 -> 0 | E57: (R$/ano)
B58: Custo unitário | D58: =D56+D57+D51+D52 -> 1080.625 | E58: (R$/ano)
C60: Custo Mensal - item c | D60: =ROUND((D58)/12,2) -> 90.05 | E60: (/mês)
A62: d) Manutenção
B64: N° de Veiculos | D64: 1
B65: Valor do Veiculos | D65: =D45 -> 30875 | E65: (R$)
B66: Vida Útil do Equipamento | D66: =D25 -> 10 | E66: (anos)
B67: Coeficiente de Manutenção | D67: 0.15
B68: Percuso Médio Mensal | D68: 5000 | E68: (km)
B69: Custo unitário | D69: =(D65*D67)/(D68) -> 0.92625 | E69: (R$)
B70: Custo Mensal | D70: =D69*D68/12 -> 385.9375 | E70: (R$)
A74: f) Combustível
B76: N° de Veiculos | D76: 1
B77: Preço do Combustivel | D77: 0 | E77: (R$/l)
B78: Percuso Médio Mensal | D78: =D68 -> 5000 | E78: (km/mês)
B79: Consumo médio Óleo Diesel | D79: 8.8 | E79: (Km/l)
B80: Custo unitário | D80: =(D78/D79)*D77 -> 0 | E80: (R$)
C82: Custo Mensal - item f | D82: =D80 -> 0
A84: g) Pneu
B85: N° de Veiculos | D85: =D76 -> 1
B86: Preço de um rodízio de pneus (2 pneus completos) | D86: =2*429.9 -> 859.8 | E86: (R$)
B87: Percurso Mensal Estimado | D87: =D68 -> 5000 | E87: (Km)
B88: Quilometros Rodados Com um Rodízio | D88: 40000 | E88: (Kml)
B89: Quilometros Rodados por mês | D89: =D86/D88 -> 0.021495 | E89: (R$)
C91: Custo Mensal - item g | D91: =D89*D87 -> 107.475
A93: h) Lubrificação e Lavagem
A94: Adotou-se que o custo com lavagem equivale a 10% dos custos com manutenção | D94: 0.1
B96: N° de Onibus | D96: 1
B97: Custo unitário | D97: =D94*D70 -> 38.59375
B99: Quantidade de Óleo Motor | D99: 0 | E99: (l)
B100: Quantidade de Óleo Hidraúlico | D100: 3.5 | E100: (l)
B101: Quantidade de Óleo Transmissão | D101: 0 | E101: (l)
B102: Quantidade de Graxa Lubrificante | D102: 3.33 | E102: (Kg)
B103: Quilometragem de Lubrificante | D103: 10000 | E103: (Km)
B104: Consumo Óleo Motor | D104: =+D99/D103 -> 0 | E104: (l/Km)
B105: Consumo Óleo Hidraúlico | D105: =+D100/D103 -> 0.00035 | E105: (l/Km)
B106: Consumo Óleo Transmissão | D106: =+D101/D103 -> 0 | E106: (l/Km)
B107: Consumo Graxa Lubrificante | D107: =+D102/D103 -> 0.000333 | E107: (kg/Km)
B108: Preço Unit. Óleo Motor | D108: ='DADOS DE ENTRADA'!H40 -> 29.45 | E108: (R$/l)
B109: Preço Unit. Óleo Hidráulico | D109: ='DADOS DE ENTRADA'!H41 -> 21.29 | E109: (R$/l)
B110: Preço Unit. Óleo de Transmissão | D110: ='DADOS DE ENTRADA'!H42 -> 11.99 | E110: (R$/l)
B111: Preço Unit. Graxa Lubrificante | D111: ='DADOS DE ENTRADA'!H43 -> 19.49 | E111: (R$/kg)
B112: Custo Unitário por Km | D112: =+(D104*D108)+(D105*D109)+(D106*D110)+(D107*D111) -> 0.01394167 | E112: (R$/Km)
B113: Percurso Mensal | D113: =D87 -> 5000 | E113: (Km)
B114: Custo Mensal Lubrificante | D114: =ROUND(+D112*D113,2) -> 69.71 | E114: (R$)
B115: Filtros % sobre Custo do Lubrificante | D115: 0 | E115: (%)
B116: Custo Mensal Filtros | D116: =ROUND(+D114*D115/100,2) -> 0 | E116: (R$)
B117: Custo Mensal Lubrificante + Filtros | D117: =D114+D116 -> 69.71
B118: Custo para todos os Veiculos | D118: =D117*D96 -> 69.71
C120: Custo Mensal - item h | D120: =D97+D118 -> 108.30375 | E120: (R$)
B122: TOTAL CUSTO VARIÁVEL
C123: Custo Mensal (f+g+h) | D123: =D82+D120+D91 -> 215.77875 | E123: (R$)
A128: FÓRMULA DO BDI/LDI CONFORME ACÓRDÃO DO TCU
B136: TRIBUTOS: | C136: PIS | D136: 0.0065
C137: COFINS | D137: 0.03
C138: ISS | D138: 0
B139: Taxa de tributos (PIS + COFINS + ISS) - I | D139: =D136+D137+D138 -> 0.0365
B140: Taxa de rateio da administração Central - AC | D140: 0.0449
B141: Taxa de risco do empreendimento - R | D141: 0.0089
B142: Taxa de seguro e garantia do empreendimento - S e G | D142: 0.0082
...

Sheet ITEM 07.
A1: ='PLANILHA PRINCIPAL'!B9 -> Veículo tipo "Caminhão leve utilitário 3/4" equipado com cesto aereo, COM motorista e SEM combustivel. CARACTERISTICAS MÍNIMAS: Com motor diesel, potência maxima de 148 cv, PBT 4 toneladas , equipado com carroceria para transporte de merenda para as escolas, EM PERFEITO ESTADO DE CONSERVAÇÃO. ANO DO VEÍCULO NÃO INFERIOR A 2015. Disponibilização do Veículo: Tempo Integral. Equipado com todos os componentes de segurança exigidos pelo CONTRAN.
A3: BASE DE CALCULO VEICULO:Tabela FIPE de Ford CARGO 816 E_816 S Turbo 2p (diesel)(E5)
A6: AN0:2015
A7: Salário | B7: Quantidade | C7: Custo Unitário | D7: Custo Total
A8: Motorista | B8: 1 | C8: ='DADOS DE ENTRADA'!B7 -> 1910.5 | D8: =+C8*B8 -> 1910.5
D9: =D8 -> 1910.5 | E9: (R$)
A11: Leis Sociais ( % ) | B11: Quantidade | C11: Custo Unitário | D11: Custo Total
A12: Encargos Sociais | B12: 0.7011 | C12: =D8*B12 -> 1339.4515 | D12: =C12+D9 -> 3249.9515
C13: Sub-total | D13: =ROUND(SUM(D12),2) -> 3249.95 | E13: (R$)
B16: TOTAL MENSAL | D16: =D13 -> 3249.95 | E16: (R$)
B17: (mão de obra direta)
A19: a) Depreciação:
A21: Serão considerarados valores residuais de 20% | D21: 0.2
B23: N° de caminhões | D23: 1 | E23: (ud)
B24: Valor do Veiculo | D24: ='DADOS DE ENTRADA'!E16 -> 311269 | E24: (R$)
B25: Valor do implemento | D25: 55000
B26: Valor do equipamento | D26: =D25+D24 -> 366269
B27: Vida Útil do Equipamento | D27: 5 | E27: (anos)
B28: Valor residual | D28: =(D26)*D21 -> 73253.8 | E28: (R$)
B29: Horas trabalhadas por ano | D29: 2504.64 | E29: (h/a)
B30: Valor depreciado em horas | D30: =(D24-D28)/(D27*D29) -> 19.005941 | E30: (R$)
B31: Valor depreciado | D31: =D30*D29 -> 47603.04 | E31: (R$)
B32: Depreciação Mensal | D32: =D31/12 -> 3966.92 | E32: (R$/mês)
B33: Para todos os veiculos | D33: =D23*D32 -> 3966.92 | E33: (R$/mês)
A35: b) Remuneração do Capital Investido
A37: O cálculo do coeficiente de remuneração 'C' é dado por:
B38: C = [(2 + (n - 1) * (k + 1)) / (24 n)] * j, onde:
B40: k = % residual | C40: 0.2
B41: n = vida útil (anos) | C41: 5
B42: j = juros (ao ano) | C42: ='DADOS DE ENTRADA'!B14 -> 0.1325
B43: C = | C43: =((2+(C41-1)*(C40+1))/(24*C41)*C42) -> 0.0075083333
B45: N° de caminhões | D45: 1 | E45: (ud)
B46: Valor do caminhão | D46: =D24+D25 -> 366269 | E46: (R$)
B47: Coeficiente de remuneração | D47: =C43 -> 0.0075083333
B48: Custo de capital | D48: =D46*D47 -> 2750.0697 | E48: (R$)
B49: Para todos os caminhões | D49: =D48*D45 -> 2750.0697
A51: c) Licenciamentos e Seguros
C52: Taxa de licenciamento | D52: 132.53 | E52: (R$)
C53: Taxa de bombeiros | D53: 59.82 | E53: (R$)
B55: N° de caminhões | D55: 1 | E55: (ud)
B56: Valor do chassi | D56: =D24 -> 311269 | E56: (R$)
B57: Seguro total | C57: ='DADOS DE ENTRADA'!B24 -> 0.05 | D57: =D56*C57 -> 15563.45 | E57: (R$/ano)
B58: IPVA | C58: 0.01 | D58: =D24*C58 -> 3112.69 | E58: (R$/ano)
B59: Custo unitário | D59: =D57+D58+D52+D53 -> 18868.49 | E59: (R$/ano)
C61: Custo Mensal - item c | D61: =ROUND((D59)/12,2) -> 1572.37 | E61: (/mês)
A63: d) Manutenção
B64: N° de caminhões | D64: 1 | E64: (ud)
B65: Valor do caminhão | D65: =D46 -> 366269 | E65: (R$)
B66: Vida Útil do Equipamento | D66: =D27 -> 5 | E66: (anos)
B67: Coeficiente de Manutenção | D67: 0.1
B68: Percurso Mensal Estimado | D68: 2500 | E68: km/mês
B69: Custo unitário | D69: =(D65*D67)/(D68) -> 14.65076 | E69: (R$)
B70: Custo Mensal | D70: =D69*D68/12 -> 3052.2417 | E70: (R$)
A72: f) Combustível
B73: N° de caminhões | D73: 1
B74: Preço do Combustivel | D74: 5.66 | E74: (R$/l)
B75: Percurso Médio Mensal | D75: 0 | E75: (Km)
B76: Consumo médio Óleo Diesel | D76: 3.5 | E76: (Km/l)
B77: Custo unitário | D77: =(D75/D76)*D74 -> 0 | E77: (R$)
C79: Custo Mensal - item f | D79: =D77 -> 0
A80: g) Pneu
B81: N° de caminhões | D81: 1
B82: Preço de um rodízio de pneus (10 pneus completos) | D82: ='DADOS DE ENTRADA'!E32*6 -> 13729.5 | E82: (R$)
B83: Percurso Mensal Estimado | D83: =D68 -> 2500 | E83: (Km/mês)
B84: Quilometros Rodados Com um Rodízio | D84: 40000 | E84: (Kml)
B85: Quilometros Rodados por mês | D85: =D82/D84 -> 0.3432375 | E85: (R$)
C87: Custo Mensal - item g | D87: =D85*D83 -> 858.09375
A88: h) Lubrificação e Lavagem
A89: Adotou-se que o custo com lavagem equivale a 10% dos custos com manutenção | D89: 0.1
B91: N° de veiculo | D91: 1
B92: Custo unitário | D92: =D89*D70 -> 305.22417
B94: Quantidade de Óleo Motor | D94: 27.5 | E94: (l)
B95: Quantidade de Óleo Hidraúlico | D95: 17.8571 | E95: (l)
B96: Quantidade de Óleo Transmissão | D96: 14 | E96: (l)
B97: Quantidade de Graxa Lubrificante | D97: 3.3333 | E97: (Kg)
B98: Quilometragem de Lubrificante | D98: 10000 | E98: (Km)
B99: Consumo Óleo Motor | D99: =+D94/D98 -> 0.00275 | E99: (l/Km)
B100: Consumo Óleo Hidraúlico | D100: =+D95/D98 -> 0.00178571 | E100: (l/Km)
B101: Consumo Óleo Transmissão | D101: =+D96/D98 -> 0.0014 | E101: (l/Km)
B102: Consumo Graxa Lubrificante | D102: =+D97/D98 -> 0.00033333 | E102: (kg/Km)
B103: Preço Unit. Óleo Motor | D103: 29.45 | E103: (R$/l)
B104: Preço Unit. Óleo Hidráulico | D104: 21.29 | E104: (R$/l)
B105: Preço Unit. Óleo de Transmissão | D105: 11.99 | E105: (R$/l)
B106: Preço Unit. Graxa Lubrificante | D106: 19.49 | E106: (R$/kg)
B107: Custo Unitário por Km | D107: =+(D99*D103)+(D100*D104)+(D101*D105)+(D102*D106) -> 0.14228787 | E107: (R$/Km)
B108: Percurso Mensal | D108: =D83 -> 2500 | E108: (Km)
B109: Custo Mensal Lubrificante | D109: =ROUND(+D107*D108,2) -> 355.72 | E109: (R$)
B110: Filtros % sobre Custo do Lubrificante | D110: 15 | E110: (%)
B111: Custo Mensal Filtros | D111: =ROUND(+D109*D110/100,2) -> 53.36 | E111: (R$)
B112: Custo Mensal Lubrificante + Filtros | D112: =D109+D111 -> 409.08
B113: Custo para todos os caminhões | D113: =D112*D91 -> 409.08
C115: Custo Mensal - item h | D115: =D92+D113 -> 714.30417 | E115: (R$)
B116: TOTAL CUSTO VARIÁVEL
C117: Custo Mensal (f+g+h) | D117: =D79+D115+D87 -> 1572.3979 | E117: (R$)
A120: FÓRMULA DO BDI/LDI CONFORME ACÓRDÃO DO TCU
B126: TRIBUTOS: | C126: PIS | D126: 0.0065
C127: COFINS | D127: 0.03
C128: ISSQN | D128: 0.05
B129: Taxa de tributos (PIS + COFINS + ISS) - I | D129: =D126+D127+D128 -> 0.0865
B130: Taxa de rateio da administração Central - AC | D130: ='DADOS DE ENTRADA'!B18 -> 0.0449
...

Sheet ITEM 08.
A1: ='PLANILHA PRINCIPAL'!B10 -> Carreta basculante hidráulico. Capacidade de carga 5 Ton 5,13m³; Dimensões da carroceria externa (CxLxA) 3,26 x 1,85 x 1,00; Dimensões totais << Carreta c/ pneus 700 x 16" e cabeçalho 4,60 x 1,85 x 2,35; Quantidade de rodas x aro 4 aro 16" 6 furos; Altura da carreta basculada 3,45m; Distância entre eixos 950mm mod. Tandem; Chassi Perfil "U" chapa 1/4; Freio Opcional; Engate Rígido; Ângulo inclinado basculante 45°; ano não inferior a 2025.
A2: BASE DE CALCULO VEICULO: Grade Niveladora - Baldan
A5: AN0:2025
A7: Salário | B7: Quantidade | C7: Custo Unitário | D7: Custo Total
A8: Motorista | B8: 0 | C8: ='DADOS DE ENTRADA'!B8 -> 1840.39 | D8: =+C8*B8 -> 0
D9: =D8 -> 0 | E9: (R$)
A11: Leis Sociais ( % ) | B11: Quantidade | C11: Custo Unitário | D11: Custo Total
A12: Encargos Sociais(SINAPI) | B12: 0.7 | C12: =D8*B12 -> 0 | D12: =C12 -> 0
D13: =ROUND(SUM(D12),2) -> 0 | E13: (R$)
B16: TOTAL MENSAL | D16: =D13+D9 -> 0 | E16: (R$)
B17: (mão de obra direta)
A19: a) Depreciação:
A21: Serão considerarados valores residuais de 20% | D21: 0.1
B23: N° de Veiculos | D23: 1 | E23: (ud)
B24: Valor do Veiculo | D24: 39250 | E24: (R$)
B25: Vida Útil do Equipamento | D25: 10 | E25: (anos)
B26: Valor residual | D26: =D21*D24 -> 3925 | E26: (R$)
B27: Horas trabalhadas por ano | D27: 2504.64 | E27: (h/a)
B28: Valor depreciado em horas | D28: =(D24-D26)/(D25*D27) -> 1.4103823 | E28: (R$)
B29: Valor depreciado | D29: =D28*D27 -> 3532.5 | E29: (R$)
B30: Depreciação Mensal | D30: =D29/12 -> 294.375 | E30: (R$/mês)
B31: Para todos os Veiculos | D31: =D23*D30 -> 294.375 | E31: (R$/mês)
A34: b) Remuneração do Capital Investido
A36: O cálculo do coeficiente de remuneração 'C' é dado por:
B37: C = [(2 + (n - 1) * (k + 1)) / (24 n)] * j, onde:
B39: k = % residual | C39: =D21 -> 0.1
B40: n = vida útil (anos) | C40: =D25 -> 10
B41: j = juros (ao ano) | C41: ='DADOS DE ENTRADA'!B14 -> 0.1325
B42: C = | C42: =((2+(C40-1)*(C39+1))/(24*C40)*C41) -> 0.0065697917
B44: N° de Veiculos | D44: =D23 -> 1 | E44: (ud)
B45: Valor do Veiculo | D45: =D24 -> 39250 | E45: (R$)
B46: Coeficiente de remuneração | D46: =C42 -> 0.0065697917
B47: Custo de capital | D47: =D45*D46 -> 257.86432 | E47: (R$)
B48: Para todos os Veiculos | D48: =D47*D44 -> 257.86432
A50: c) Licenciamentos e Seguros
C51: Taxa de licenciamento | D51: 0 | E51: (R$)
C52: Taxa de bombeiros | D52: 0 | E52: (R$)
B54: N° de Veiculos | D54: =D44 -> 1 | E54: (ud)
B55: Valor do chassi | D55: 0 | E55: (R$)
B56: Seguro total | C56: 0.035 | D56: =D45*C56 -> 1373.75 | E56: (R$/ano)
B57: IPVA | C57: 0 | D57: =D55*C57 -> 0 | E57: (R$/ano)
B58: Custo unitário | D58: =D56+D57+D51+D52 -> 1373.75 | E58: (R$/ano)
C60: Custo Mensal - item c | D60: =ROUND((D58)/12,2) -> 114.48 | E60: (/mês)
A62: d) Manutenção
B64: N° de Veiculos | D64: 1
B65: Valor do Veiculos | D65: =D45 -> 39250 | E65: (R$)
B66: Vida Útil do Equipamento | D66: =D25 -> 10 | E66: (anos)
B67: Coeficiente de Manutenção | D67: 0.15
B68: Percuso Médio Mensal | D68: 5000 | E68: (km)
B69: Custo unitário | D69: =(D65*D67)/(D68) -> 1.1775 | E69: (R$)
B70: Custo Mensal | D70: =D69*D68/12 -> 490.625 | E70: (R$)
A74: f) Combustível
B76: N° de Veiculos | D76: 1
B77: Preço do Combustivel | D77: 0 | E77: (R$/l)
B78: Percuso Médio Mensal | D78: =D68 -> 5000 | E78: (km/mês)
B79: Consumo médio Óleo Diesel | D79: 8.8 | E79: (Km/l)
B80: Custo unitário | D80: =(D78/D79)*D77 -> 0 | E80: (R$)
C82: Custo Mensal - item f | D82: =D80 -> 0
A84: g) Pneu
B85: N° de Veiculos | D85: =D76 -> 1
B86: Preço de um rodízio de pneus (4 pneus completos) | D86: =4*429.9 -> 1719.6 | E86: (R$)
B87: Percurso Mensal Estimado | D87: =D68 -> 5000 | E87: (Km)
B88: Quilometros Rodados Com um Rodízio | D88: 40000 | E88: (Kml)
B89: Quilometros Rodados por mês | D89: =D86/D88 -> 0.04299 | E89: (R$)
C91: Custo Mensal - item g | D91: =D89*D87 -> 214.95
A93: h) Lubrificação e Lavagem
A94: Adotou-se que o custo com lavagem equivale a 10% dos custos com manutenção | D94: 0.1
B96: N° de Onibus | D96: 1
B97: Custo unitário | D97: =D94*D70 -> 49.0625
B99: Quantidade de Óleo Motor | D99: 0 | E99: (l)
B100: Quantidade de Óleo Hidraúlico | D100: 3.5 | E100: (l)
B101: Quantidade de Óleo Transmissão | D101: 0 | E101: (l)
B102: Quantidade de Graxa Lubrificante | D102: 3.33 | E102: (Kg)
B103: Quilometragem de Lubrificante | D103: 10000 | E103: (Km)
B104: Consumo Óleo Motor | D104: =+D99/D103 -> 0 | E104: (l/Km)
B105: Consumo Óleo Hidraúlico | D105: =+D100/D103 -> 0.00035 | E105: (l/Km)
B106: Consumo Óleo Transmissão | D106: =+D101/D103 -> 0 | E106: (l/Km)
B107: Consumo Graxa Lubrificante | D107: =+D102/D103 -> 0.000333 | E107: (kg/Km)
B108: Preço Unit. Óleo Motor | D108: ='DADOS DE ENTRADA'!H40 -> 29.45 | E108: (R$/l)
B109: Preço Unit. Óleo Hidráulico | D109: ='DADOS DE ENTRADA'!H41 -> 21.29 | E109: (R$/l)
B110: Preço Unit. Óleo de Transmissão | D110: ='DADOS DE ENTRADA'!H42 -> 11.99 | E110: (R$/l)
B111: Preço Unit. Graxa Lubrificante | D111: ='DADOS DE ENTRADA'!H43 -> 19.49 | E111: (R$/kg)
B112: Custo Unitário por Km | D112: =+(D104*D108)+(D105*D109)+(D106*D110)+(D107*D111) -> 0.01394167 | E112: (R$/Km)
B113: Percurso Mensal | D113: =D87 -> 5000 | E113: (Km)
B114: Custo Mensal Lubrificante | D114: =ROUND(+D112*D113,2) -> 69.71 | E114: (R$)
B115: Filtros % sobre Custo do Lubrificante | D115: 0 | E115: (%)
B116: Custo Mensal Filtros | D116: =ROUND(+D114*D115/100,2) -> 0 | E116: (R$)
B117: Custo Mensal Lubrificante + Filtros | D117: =D114+D116 -> 69.71
B118: Custo para todos os Veiculos | D118: =D117*D96 -> 69.71
C120: Custo Mensal - item h | D120: =D97+D118 -> 118.7725 | E120: (R$)
B122: TOTAL CUSTO VARIÁVEL
C123: Custo Mensal (f+g+h) | D123: =D82+D120+D91 -> 333.7225 | E123: (R$)
A128: FÓRMULA DO BDI/LDI CONFORME ACÓRDÃO DO TCU
B136: TRIBUTOS: | C136: PIS | D136: 0.0065
C137: COFINS | D137: 0.03
C138: ISS | D138: 0
B139: Taxa de tributos (PIS + COFINS + ISS) - I | D139: =D136+D137+D138 -> 0.0365
B140: Taxa de rateio da administração Central - AC | D140: 0.0449
B141: Taxa de risco do empreendimento - R | D141: 0.0089
B142: Taxa de seguro e garantia do empreendimento - S e G | D142: 0.0082
...

Sheet ITEM 07
A1: ='PLANILHA PRINCIPAL'!B9 -> Veículo tipo "Caminhão leve utilitário 3/4" equipado com cesto aereo, COM motorista e SEM combustivel. CARACTERISTICAS MÍNIMAS: Com motor diesel, potência maxima de 148 cv, PBT 4 toneladas , equipado com carroceria para transporte de merenda para as escolas, EM PERFEITO ESTADO DE CONSERVAÇÃO. ANO DO VEÍCULO NÃO INFERIOR A 2015. Disponibilização do Veículo: Tempo Integral. Equipado com todos os componentes de segurança exigidos pelo CONTRAN.
A2: BASE DE CALCULO VEICULO: Carreta basculante hidráulica 5 toneladas tandem para trator
A5: AN0:2020
A7: Salário | B7: Quantidade | C7: Custo Unitário | D7: Custo Total
A8: Motorista | B8: 0 | C8: ='DADOS DE ENTRADA'!B8 -> 1840.39 | D8: =+C8*B8 -> 0
D9: =D8 -> 0 | E9: (R$)
A11: Leis Sociais ( % ) | B11: Quantidade | C11: Custo Unitário | D11: Custo Total
A12: Encargos Sociais(SINAPI) | B12: 0.7 | C12: =D8*B12 -> 0 | D12: =C12 -> 0
D13: =ROUND(SUM(D12),2) -> 0 | E13: (R$)
B16: TOTAL MENSAL | D16: =D13+D9 -> 0 | E16: (R$)
B17: (mão de obra direta)
A19: a) Depreciação:
A21: Serão considerarados valores residuais de 20% | D21: 0.1
B23: N° de Veiculos | D23: 1 | E23: (ud)
B24: Valor do Veiculo | D24: 25400 | E24: (R$)
B25: Vida Útil do Equipamento | D25: 10 | E25: (anos)
B26: Valor residual | D26: =D21*D24 -> 2540 | E26: (R$)
B27: Horas trabalhadas por ano | D27: 2504.64 | E27: (h/a)
B28: Valor depreciado em horas | D28: =(D24-D26)/(D25*D27) -> 0.91270602 | E28: (R$)
B29: Valor depreciado | D29: =D28*D27 -> 2286 | E29: (R$)
B30: Depreciação Mensal | D30: =D29/12 -> 190.5 | E30: (R$/mês)
B31: Para todos os Veiculos | D31: =D23*D30 -> 190.5 | E31: (R$/mês)
A34: b) Remuneração do Capital Investido
A36: O cálculo do coeficiente de remuneração 'C' é dado por:
B37: C = [(2 + (n - 1) * (k + 1)) / (24 n)] * j, onde:
B39: k = % residual | C39: =D21 -> 0.1
B40: n = vida útil (anos) | C40: =D25 -> 10
B41: j = juros (ao ano) | C41: ='DADOS DE ENTRADA'!B14 -> 0.1325
B42: C = | C42: =((2+(C40-1)*(C39+1))/(24*C40)*C41) -> 0.0065697917
B44: N° de Veiculos | D44: =D23 -> 1 | E44: (ud)
B45: Valor do Veiculo | D45: =D24 -> 25400 | E45: (R$)
B46: Coeficiente de remuneração | D46: =C42 -> 0.0065697917
B47: Custo de capital | D47: =D45*D46 -> 166.87271 | E47: (R$)
B48: Para todos os Veiculos | D48: =D47*D44 -> 166.87271
A50: c) Licenciamentos e Seguros
C51: Taxa de licenciamento | D51: 0 | E51: (R$)
C52: Taxa de bombeiros | D52: 0 | E52: (R$)
B54: N° de Veiculos | D54: =D44 -> 1 | E54: (ud)
B55: Valor do chassi | D55: =D24 -> 25400 | E55: (R$)
B56: Seguro total | C56: 0.035 | D56: =D55*C56 -> 889 | E56: (R$/ano)
B57: IPVA | C57: 0 | D57: =D55*C57 -> 0 | E57: (R$/ano)
B58: Custo unitário | D58: =D56+D57+D51+D52 -> 889 | E58: (R$/ano)
C60: Custo Mensal - item c | D60: =ROUND((D58)/12,2) -> 74.08 | E60: (/mês)
A62: d) Manutenção
B64: N° de Veiculos | D64: 1
B65: Valor do Veiculos | D65: =D45 -> 25400 | E65: (R$)
B66: Vida Útil do Equipamento | D66: =D25 -> 10 | E66: (anos)
B67: Coeficiente de Manutenção | D67: 0.15
B68: Percuso Médio Mensal | D68: 5000 | E68: (km)
B69: Custo unitário | D69: =(D65*D67)/(D68) -> 0.762 | E69: (R$)
B70: Custo Mensal | D70: =D69*D68/12 -> 317.5 | E70: (R$)
A74: f) Combustível
B76: N° de Veiculos | D76: 1
B77: Preço do Combustivel | D77: 0 | E77: (R$/l)
B78: Percuso Médio Mensal | D78: =D68 -> 5000 | E78: (km/mês)
B79: Consumo médio Óleo Diesel | D79: 8.8 | E79: (Km/l)
B80: Custo unitário | D80: =(D78/D79)*D77 -> 0 | E80: (R$)
C82: Custo Mensal - item f | D82: =D80 -> 0
A84: g) Pneu
B85: N° de Veiculos | D85: =D76 -> 1
B86: Preço de um rodízio de pneus (4 pneus completos) | D86: =4*429.9 -> 1719.6 | E86: (R$)
B87: Percurso Mensal Estimado | D87: =D68 -> 5000 | E87: (Km)
B88: Quilometros Rodados Com um Rodízio | D88: 40000 | E88: (Kml)
B89: Quilometros Rodados por mês | D89: =D86/D88 -> 0.04299 | E89: (R$)
C91: Custo Mensal - item g | D91: =D89*D87 -> 214.95
A93: h) Lubrificação e Lavagem
A94: Adotou-se que o custo com lavagem equivale a 10% dos custos com manutenção | D94: 0.1
B96: N° de Onibus | D96: 1
B97: Custo unitário | D97: =D94*D70 -> 31.75
B99: Quantidade de Óleo Motor | D99: 0 | E99: (l)
B100: Quantidade de Óleo Hidraúlico | D100: 0 | E100: (l)
B101: Quantidade de Óleo Transmissão | D101: 0 | E101: (l)
B102: Quantidade de Graxa Lubrificante | D102: 3.33 | E102: (Kg)
B103: Quilometragem de Lubrificante | D103: 10000 | E103: (Km)
B104: Consumo Óleo Motor | D104: =+D99/D103 -> 0 | E104: (l/Km)
B105: Consumo Óleo Hidraúlico | D105: =+D100/D103 -> 0 | E105: (l/Km)
B106: Consumo Óleo Transmissão | D106: =+D101/D103 -> 0 | E106: (l/Km)
B107: Consumo Graxa Lubrificante | D107: =+D102/D103 -> 0.000333 | E107: (kg/Km)
B108: Preço Unit. Óleo Motor | D108: ='DADOS DE ENTRADA'!H40 -> 29.45 | E108: (R$/l)
B109: Preço Unit. Óleo Hidráulico | D109: ='DADOS DE ENTRADA'!H41 -> 21.29 | E109: (R$/l)
B110: Preço Unit. Óleo de Transmissão | D110: ='DADOS DE ENTRADA'!H42 -> 11.99 | E110: (R$/l)
B111: Preço Unit. Graxa Lubrificante | D111: ='DADOS DE ENTRADA'!H43 -> 19.49 | E111: (R$/kg)
B112: Custo Unitário por Km | D112: =+(D104*D108)+(D105*D109)+(D106*D110)+(D107*D111) -> 0.00649017 | E112: (R$/Km)
B113: Percurso Mensal | D113: =D87 -> 5000 | E113: (Km)
B114: Custo Mensal Lubrificante | D114: =ROUND(+D112*D113,2) -> 32.45 | E114: (R$)
B115: Filtros % sobre Custo do Lubrificante | D115: 15 | E115: (%)
B116: Custo Mensal Filtros | D116: =ROUND(+D114*D115/100,2) -> 4.87 | E116: (R$)
B117: Custo Mensal Lubrificante + Filtros | D117: =D114+D116 -> 37.32
B118: Custo para todos os Veiculos | D118: =D117*D96 -> 37.32
C120: Custo Mensal - item h | D120: =D97+D118 -> 69.07 | E120: (R$)
B122: TOTAL CUSTO VARIÁVEL
C123: Custo Mensal (f+g+h) | D123: =D82+D120+D91 -> 284.02 | E123: (R$)
A128: FÓRMULA DO BDI/LDI CONFORME ACÓRDÃO DO TCU
B136: TRIBUTOS: | C136: PIS | D136: 0.0065
C137: COFINS | D137: 0.03
C138: ISS | D138: 0
B139: Taxa de tributos (PIS + COFINS + ISS) - I | D139: =D136+D137+D138 -> 0.0365
B140: Taxa de rateio da administração Central - AC | D140: 0.0449
B141: Taxa de risco do empreendimento - R | D141: 0.0089
B142: Taxa de seguro e garantia do empreendimento - S e G | D142: 0.0082
...

Sheet ITEM 08
A1: ='PLANILHA PRINCIPAL'!B10 -> Carreta basculante hidráulico. Capacidade de carga 5 Ton 5,13m³; Dimensões da carroceria externa (CxLxA) 3,26 x 1,85 x 1,00; Dimensões totais << Carreta c/ pneus 700 x 16" e cabeçalho 4,60 x 1,85 x 2,35; Quantidade de rodas x aro 4 aro 16" 6 furos; Altura da carreta basculada 3,45m; Distância entre eixos 950mm mod. Tandem; Chassi Perfil "U" chapa 1/4; Freio Opcional; Engate Rígido; Ângulo inclinado basculante 45°; ano não inferior a 2025.
A2: BASE DE CALCULO VEICULO: Tanque de água, marca Multi-Tarefa Andrade
A5: AN0:2020
A7: Salário | B7: Quantidade | C7: Custo Unitário | D7: Custo Total
A8: Motorista | B8: 0 | C8: ='DADOS DE ENTRADA'!B8 -> 1840.39 | D8: =+C8*B8 -> 0
D9: =D8 -> 0 | E9: (R$)
A11: Leis Sociais ( % ) | B11: Quantidade | C11: Custo Unitário | D11: Custo Total
A12: Encargos Sociais(SINAPI) | B12: 0.7 | C12: =D8*B12 -> 0 | D12: =C12 -> 0
D13: =ROUND(SUM(D12),2) -> 0 | E13: (R$)
B16: TOTAL MENSAL | D16: =D13+D9 -> 0 | E16: (R$)
B17: (mão de obra direta)
A19: a) Depreciação:
A21: Serão considerarados valores residuais de 20% | D21: 0.1
B23: N° de Veiculos | D23: 1 | E23: (ud)
B24: Valor do Veiculo | D24: 36000 | E24: (R$)
B25: Vida Útil do Equipamento | D25: 10 | E25: (anos)
B26: Valor residual | D26: =D21*D24 -> 3600 | E26: (R$)
B27: Horas trabalhadas por ano | D27: 2504.64 | E27: (h/a)
B28: Valor depreciado em horas | D28: =(D24-D26)/(D25*D27) -> 1.2935991 | E28: (R$)
B29: Valor depreciado | D29: =D28*D27 -> 3240 | E29: (R$)
B30: Depreciação Mensal | D30: =D29/12 -> 270 | E30: (R$/mês)
B31: Para todos os Veiculos | D31: =D23*D30 -> 270 | E31: (R$/mês)
A34: b) Remuneração do Capital Investido
A36: O cálculo do coeficiente de remuneração 'C' é dado por:
B37: C = [(2 + (n - 1) * (k + 1)) / (24 n)] * j, onde:
B39: k = % residual | C39: =D21 -> 0.1
B40: n = vida útil (anos) | C40: =D25 -> 10
B41: j = juros (ao ano) | C41: ='DADOS DE ENTRADA'!B14 -> 0.1325
B42: C = | C42: =((2+(C40-1)*(C39+1))/(24*C40)*C41) -> 0.0065697917
B44: N° de Veiculos | D44: =D23 -> 1 | E44: (ud)
B45: Valor do Veiculo | D45: =D24 -> 36000 | E45: (R$)
B46: Coeficiente de remuneração | D46: =C42 -> 0.0065697917
B47: Custo de capital | D47: =D45*D46 -> 236.5125 | E47: (R$)
B48: Para todos os Veiculos | D48: =D47*D44 -> 236.5125
A50: c) Licenciamentos e Seguros
C51: Taxa de licenciamento | D51: 0 | E51: (R$)
C52: Taxa de bombeiros | D52: 0 | E52: (R$)
B54: N° de Veiculos | D54: =D44 -> 1 | E54: (ud)
B55: Valor do chassi | D55: =D24 -> 36000 | E55: (R$)
B56: Seguro total | C56: 0.035 | D56: =D55*C56 -> 1260 | E56: (R$/ano)
B57: IPVA | C57: 0 | D57: =D55*C57 -> 0 | E57: (R$/ano)
B58: Custo unitário | D58: =D56+D57+D51+D52 -> 1260 | E58: (R$/ano)
C60: Custo Mensal - item c | D60: =ROUND((D58)/12,2) -> 105 | E60: (/mês)
A62: d) Manutenção
B64: N° de Veiculos | D64: 1
B65: Valor do Veiculos | D65: =D45 -> 36000 | E65: (R$)
B66: Vida Útil do Equipamento | D66: =D25 -> 10 | E66: (anos)
B67: Coeficiente de Manutenção | D67: 0.15
B68: Percuso Médio Mensal | D68: 5000 | E68: (km)
B69: Custo unitário | D69: =(D65*D67)/(D68) -> 1.08 | E69: (R$)
B70: Custo Mensal | D70: =D69*D68/12 -> 450 | E70: (R$)
A74: f) Combustível
B76: N° de Veiculos | D76: 1
B77: Preço do Combustivel | D77: 0 | E77: (R$/l)
B78: Percuso Médio Mensal | D78: =D68 -> 5000 | E78: (km/mês)
B79: Consumo médio Óleo Diesel | D79: 8.8 | E79: (Km/l)
B80: Custo unitário | D80: =(D78/D79)*D77 -> 0 | E80: (R$)
C82: Custo Mensal - item f | D82: =D80 -> 0
A84: g) Pneu
B85: N° de Veiculos | D85: =D76 -> 1
B86: Preço de um rodízio de pneus (4 pneus completos) | D86: =4*429.9 -> 1719.6 | E86: (R$)
B87: Percurso Mensal Estimado | D87: =D68 -> 5000 | E87: (Km)
B88: Quilometros Rodados Com um Rodízio | D88: 40000 | E88: (Kml)
B89: Quilometros Rodados por mês | D89: =D86/D88 -> 0.04299 | E89: (R$)
C91: Custo Mensal - item g | D91: =D89*D87 -> 214.95
A93: h) Lubrificação e Lavagem
A94: Adotou-se que o custo com lavagem equivale a 10% dos custos com manutenção | D94: 0.1
B96: N° de Onibus | D96: 1
B97: Custo unitário | D97: =D94*D70 -> 45
B99: Quantidade de Óleo Motor | D99: 0 | E99: (l)
B100: Quantidade de Óleo Hidraúlico | D100: 0 | E100: (l)
B101: Quantidade de Óleo Transmissão | D101: 0 | E101: (l)
B102: Quantidade de Graxa Lubrificante | D102: 3.33 | E102: (Kg)
B103: Quilometragem de Lubrificante | D103: 10000 | E103: (Km)
B104: Consumo Óleo Motor | D104: =+D99/D103 -> 0 | E104: (l/Km)
B105: Consumo Óleo Hidraúlico | D105: =+D100/D103 -> 0 | E105: (l/Km)
B106: Consumo Óleo Transmissão | D106: =+D101/D103 -> 0 | E106: (l/Km)
B107: Consumo Graxa Lubrificante | D107: =+D102/D103 -> 0.000333 | E107: (kg/Km)
B108: Preço Unit. Óleo Motor | D108: ='DADOS DE ENTRADA'!H40 -> 29.45 | E108: (R$/l)
B109: Preço Unit. Óleo Hidráulico | D109: ='DADOS DE ENTRADA'!H41 -> 21.29 | E109: (R$/l)
B110: Preço Unit. Óleo de Transmissão | D110: ='DADOS DE ENTRADA'!H42 -> 11.99 | E110: (R$/l)
B111: Preço Unit. Graxa Lubrificante | D111: ='DADOS DE ENTRADA'!H43 -> 19.49 | E111: (R$/kg)
B112: Custo Unitário por Km | D112: =+(D104*D108)+(D105*D109)+(D106*D110)+(D107*D111) -> 0.00649017 | E112: (R$/Km)
B113: Percurso Mensal | D113: =D87 -> 5000 | E113: (Km)
B114: Custo Mensal Lubrificante | D114: =ROUND(+D112*D113,2) -> 32.45 | E114: (R$)
B115: Filtros % sobre Custo do Lubrificante | D115: 15 | E115: (%)
B116: Custo Mensal Filtros | D116: =ROUND(+D114*D115/100,2) -> 4.87 | E116: (R$)
B117: Custo Mensal Lubrificante + Filtros | D117: =D114+D116 -> 37.32
B118: Custo para todos os Veiculos | D118: =D117*D96 -> 37.32
C120: Custo Mensal - item h | D120: =D97+D118 -> 82.32 | E120: (R$)
B122: TOTAL CUSTO VARIÁVEL
C123: Custo Mensal (f+g+h) | D123: =D82+D120+D91 -> 297.27 | E123: (R$)
A128: FÓRMULA DO BDI/LDI CONFORME ACÓRDÃO DO TCU
B136: TRIBUTOS: | C136: PIS | D136: 0.0065
C137: COFINS | D137: 0.03
C138: ISS | D138: 0
B139: Taxa de tributos (PIS + COFINS + ISS) - I | D139: =D136+D137+D138 -> 0.0365
B140: Taxa de rateio da administração Central - AC | D140: 0.0449
B141: Taxa de risco do empreendimento - R | D141: 0.0089
B142: Taxa de seguro e garantia do empreendimento - S e G | D142: 0.0082
...
